 Dungeon Crawl Stone Soup version 0.17-a0-1421-g95311d7 (webtiles) character file.

323050 Gorice the Wrestler (level 21, 0/189 HPs)
             Began as a Ghoul Wanderer on June 21, 2015.
             Was the Champion of Makhleb.
             Hit by a javelin thrown by a merfolk javelineer (3 damage)
             ... on level 4 of the Shoals on June 24, 2015.
             The game lasted 06:23:19 (48666 turns).

Gorice the Wrestler (Ghoul Wanderer)               Turns: 48666, Time: 06:23:20

Health: 0/189      AC: 30    Str: 27    XL:     21   Next: 56%
Magic:  22/22      EV: 16    Int:  6    God:    Makhleb [******]
Gold:   3778       SH:  0    Dex: 15    Spells: 0 memorised, 20 levels left

rFire  + . .     SeeInvis +       - Unarmed
rCold  + + .     Clarity  .     G - +3 plate armour
rNeg   + + +     SustAt   .     (no shield)
rPois  ∞         Gourm    .     e - +2 helmet
rElec  .         Spirit   .     l - +2 cloak
rCorr  .         Warding  .     (no gloves)
rMut   .         Stasis   .     V - +0 pair of boots
MR     +++..                    R - amulet of regeneration
Stlth  ..........               Q - ring of the Vendetta {rC+ MR+ Str+3 SInv}
                                w - ring of Wadghad {rF+ rN+ MR+ Str+4 Stlth-}

@: about to teleport, manticore barbs, rotting, extremely resistant to hostile
enchantments, extremely unstealthy
A: rotting body, claws 1, carnivore 3, cold resistance 1, negative energy
resistance 3, slow healing 1, torment resistance, unbreathing
a: Minor Destruction, Lesser Servant of Makhleb, Major Destruction, Greater
Servant of Makhleb, Renounce Religion
}: 2/15 runes: serpentine, barnacled


You were on level 4 of the Shoals.
You worshipped Makhleb.
Makhleb was exalted by your worship.
You were not hungry.

You visited 7 branches of the dungeon, and saw 39 of its levels.
You also visited: Labyrinth, Sewer and Bailey.

You collected 5487 gold pieces.
You spent 1709 gold pieces at shops.

Inventory:

Hand weapons
 b - a +3 arbalest of freezing
   (You took it off a yaktaur on level 2 of the Vaults)
 B - a +0 blowgun
Missiles
 c - 648 bolts
 j - 14 curare-tipped needles
 L - 85 bolts of penetration
 Y - 13 throwing nets (quivered)
Armour
 e - a +2 helmet (worn)
 l - a +2 cloak (worn)
 G - a +3 plate armour (worn)
 V - a +0 pair of boots (worn)
Rods
 C - a +3 rod of clouds (10/10) {!a}
   (You took it off a minotaur in a labyrinth)
Jewellery
 v - the ring of Cioxol {rF+ AC+5 Int+3}
   (You found it on level 1 of the Shoals)

   [ring of protection]

   It affects your AC (+5).
   It affects your intelligence (+3).
   It protects you from fire.
 w - the ring of Wadghad (left claw) {rF+ rN+ MR+ Str+4 Stlth-}
   (You found it in a labyrinth)

   [ring of loudness]

   It affects your strength (+4).
   It protects you from fire.
   It protects you from negative energy.
   It affects your resistance to hostile enchantments.
   It makes you less stealthy.
 F - a +3 ring of intelligence
 H - an uncursed ring of sustain attributes
 J - the ring "Qenn" {Fire rElec MP+9}
   (You found it on level 4 of the Lair of Beasts)

   [ring of fire]

   It enhances your fire magic, and weakens your ice magic.
   It protects you from fire.
   It makes you vulnerable to cold.
   It insulates you from electricity.
   It affects your magic capacity (+9).
 O - an uncursed amulet of resist corrosion
 Q - the ring of the Vendetta (right claw) {rC+ MR+ Str+3 SInv}
   (You bought it in a shop on level 4 of the Dungeon)

   [ring of protection from cold]

   It affects your strength (+3).
   It protects you from cold.
   It affects your resistance to hostile enchantments.
   It lets you see invisible.
 R - an amulet of regeneration (around neck)
Magical devices
 y - a wand of disintegration (8)
 D - a wand of draining (8)
 E - a wand of paralysis (5)
 M - a wand of fire (12)
 W - a wand of draining (7)
Scrolls
 d - 3 scrolls of fear {!r}
 h - 7 scrolls of remove curse
 n - 5 scrolls of blinking
 p - 16 scrolls of identify
 r - 4 scrolls of torment {!r}
 S - 3 scrolls of teleportation {!r}
 X - 2 scrolls of fog
Potions
 f - 2 potions of agility {!q}
 i - 2 potions of resistance {!q}
 k - 8 potions of might {!q}
 o - a potion of brilliance {!q}
 q - a potion of magic {!q}
 s - 18 potions of curing
 t - 5 potions of heal wounds {!q}
 x - a potion of invisibility {!q}
 z - 6 potions of haste {!q}
 A - a potion of cancellation {!q}
Books
 u - a book of Cantrips
 K - a book of Death
Miscellaneous
 a - a box of beasts
Comestibles
 g - 17 meat rations {!e}
 m - 15 chunks of flesh
 I - 3 beef jerkies


   Skills:
 + Level 16.6 Fighting
   Level 1.7 Bows
 - Level 10.0 Crossbows
 - Level 1.6 Throwing
 - Level 18.0 Armour
 - Level 15.0 Dodging
 + Level 4.5 Stealth
 - Level 21.0 Unarmed Combat
 + Level 3.3 Evocations


You had 20 spell levels left.
You didn't know any spells.

Dungeon Overview and Level Annotations

Branches:
Dungeon (15/15)            Temple (1/1) D:4            Lair (8/8) D:10
 Shoals (4/4) Lair:6        Snake (4/4) Lair:6        Slime (0/6) Lair:8
    Orc (4/4) D:9             Elf (0/3) Orc:4        Vaults (3/5) D:13
  Crypt (0/3) Vaults:3     Depths (0/5) D:15

Altars:
Ashenzari
Cheibriados
Dithmenos
Elyvilon
Fedhas
Gozag
Kikubaaqudgha
Makhleb
Nemelex Xobeh
Okawaru
Qazlal
Ru
Sif Muna
Trog
Vehumet
Xom
Yredelemnul
Zin
The Shining One
Beogh
Jiyva

Shops:
D:4 *   D:14 :   Orc:1 *   Orc:2 :   Orc:4 %*??   Shoals:1 !   Snake:2 [

Portals:
Trove: D:10 (give 2 scrolls of acquirement)

Annotations:
Lair:5 Duffy's ghost, mighty OgFE
Shoals:2 Louise


Innate Abilities, Weirdness & Mutations

Your body is rotting away.
You thrive on raw meat.
You are immune to poison.
You have sharp fingernails.
You are carnivorous and can eat meat at any time.
Your flesh is cold resistant.
You are immune to negative energy.
You heal slowly when monsters are visible.
You are immune to unholy pain and torment.
You can survive without breathing.


Message History

You miss Ilsuiw.
Ilsuiw is severely wounded.
Ilsuiw casts a spell.
You eviscerate Ilsuiw!!! You claw Ilsuiw, but do no damage.
Ilsuiw is almost dead.
You hear a shout!
You hear an angry hiss.
The water elemental disappears in a puff of smoke!
Ilsuiw casts a spell at you. The shard of ice hits you! You partially resist.
* * * LOW HITPOINT WARNING * * *
A snapping turtle comes into view.
Damage: 14 (max 40)
You mangle Ilsuiw!!
You kill Ilsuiw!
Makhleb accepts your kill.
You feel a little better.
The water elemental disappears in a puff of smoke! x3
Unknown command.
The merfolk javelineer looks desperately for an escape route.
A merfolk comes into view. It is wielding a trident.
The merfolk javelineer seems to regain its courage.
The merfolk javelineer throws a steel javelin.
The steel javelin hits you but does no damage.
A siren comes into view. It is wielding an enchanted spear.
The siren shouts!
The merfolk javelineer seems to regain its courage.
The merfolk javelineer throws a steel javelin.
The steel javelin hits you!!
* * * LOW HITPOINT WARNING * * *
Damage: 28 (max 40)
The merfolk javelineer throws a steel javelin.
The steel javelin hits you!
* * * LOW HITPOINT WARNING * * *
Damage: 14 (max 40) Unknown command.
Drink which item? (? for menu, Esc to quit)
Really quaff
t - 6 potions of heal wounds {!q}?
You feel much better.
Some of the chunks of flesh in your inventory have rotted away.
Unknown command.
Read which item? (? for menu, Esc to quit)
Really read
S - 4 scrolls of teleportation {!r}?
As you read the scroll of teleportation {!r}, it crumbles to dust.
You feel strangely unstable. The merfolk barely misses you.
The snapping turtle bites you from afar!!
* * * LOW HITPOINT WARNING * * *
The merfolk javelineer hits you but does no damage.
The merfolk javelineer throws a javelin.
The javelin hits you.
You die...

≈≈≈≈≈≈≈≈.(.............≈ ≈
≈≈≈≈≈≈≈.(..............≈≈
≈≈
≈≈≈≈≈≈≈.(..............≈≈≈
≈≈≈
≈≈≈≈≈≈$..........(.((..≈≈#
####
≈≈≈≈≈≈≈................≈#
. ≈≈≈≈≈≈...$............#
≈≈≈≈≈≈.......t.m......#
≈≈≈≈≈[........(.......#
≈≈≈≈≈≈..m.m..@....≈(..#
≈≈≈≈≈≈......(.)..≈≈≈..#
.....m.(...≈≈≈..#
...(........≈≈..##
..(((........≈...##
..................######
≈#≈.m......≈≈...........
≈#≈......≈≈≈...........
.....≈≈≈≈≈≈......)(.


You could see 3 merfolk javelineers, a snapping turtle, a merfolk and a siren.

Vanquished Creatures
  Xtahua (Vaults:2)
  Jorgrun (Vaults:2)
  Rupert (Lair:4)
  An octopode crusher (Shoals:2)
  Polyphemus (Shoals:4)
  Gastronok (D:12)
  Frances (D:12)
  Ilsuiw (Shoals:4)
  5 vault wardens
  Donald (Orc:4)
  2 fire giants
  Maud (Lair:5)
  6 greater nagas
  An orc warlord (Orc:4)
  Aizul (Snake:2)
  9 ironheart preservers
  5 stone giants
  The ghost of Chiseanne the Lord of Darkness, a powerful TrVM of Kikubaaqudgha (D:15)
  Nessos (Orc:3)
  A crystal guardian (Vaults:3)
  A minotaur (Lab)
  5 yaktaur captains
  8 merfolk impalers
  Josephine (Orc:4)
  3 fire dragons
  4 ice dragons
  5 vault guards (Vaults:2)
  2 great orbs of eyes
  6 hydras
  A rakshasa (Vaults:1)
  10 naga warriors
  2 merfolk avatars
  A catoblepas (Shoals:4)
  14 anacondas
  5 merfolk aquamancers
  Erolcha (Orc:1)
  9 ogre magi
  5 satyrs
  2 alligator snapping turtles (Shoals:3)
  2 death yaks
  The ghost of OrbSeeker the Zephyrmancer, a powerful TeAE of Vehumet (D:11)
  14 centaur warriors
  A deep troll earth mage (Vaults:3)
  A salamander stormcaller (Vaults:3)
  8 orc high priests
  A deep elf knight (Vaults:3)
  16 naga sharpshooters
  2 tengu warriors (D:14)
  13 shock serpents
  Sonja (Lair:4)
  Nergalle (Lair:1)
  2 fire crabs
  2 shadow wraiths
  10 skeletal warriors
  An unseen horror (Vaults:1)
  6 salamander mystics
  4 deep trolls (Vaults:3)
  11 sea snakes
  12 hill giants
  2 giant orange brains
  8 naga ritualists
  21 orc knights
  Pikel (D:5)
  A wolf spider (Vaults:3)
  A wolf spider zombie (D:13)
  A necromancer (D:13)
  9 cyclopes
  10 ironbrand convokers
  8 harpies
  21 fauns
  16 griffons
  2 wizards
  23 ugly things
  A hornet (Vaults:1)
  4 lindwurms (Snake:4)
  15 mana vipers
  10 manticores
  An orb spider (shapeshifter) (D:14)
  13 salamanders
  A hornet (shapeshifter) (Vaults:2)
  4 water nymphs
  8 orc sorcerers
  9 elephants
  10 guardian serpents (Snake:4)
  5 sirens
  38 black mambas
  A guardian serpent (shapeshifter) (Vaults:2)
  10 vault sentinels
  17 naga magi
  6 centaur skeletons
  A gargoyle (D:11)
  A torpor snail (Lair:7)
  16 yaktaurs
  4 kobold demonologists
  11 komodo dragons
  12 spiny frogs
  A jumping spider (Vaults:3)
  4 tengu conjurers
  2 freezing wraiths (Vaults:2)
  A spriggan druid (Lair:8)
  37 merfolk
  12 two-headed ogres
  A wind drake (Shoals:2)
  8 trolls
  4 polar bears (Lair:8)
  Grinder (D:4)
  11 snapping turtles
  2 trapdoor spider zombies
  A wind drake (shapeshifter) (Vaults:1)
  48 slime creatures
  2 boulder beetles
  35 blink frogs
  A sphinx simulacrum (Vaults:1)
  A vampire (Vaults:3)
  A centaur simulacrum (D:15)
  A trapdoor spider (D:14)
  10 redbacks
  12 water elementals
  6 wraiths
  4 basilisks
  74 yaks
  5 wyverns
  Eustachio (D:4)
  3 mottled dragons
  13 spriggans (Lair:8)
  34 wolves
  A shadow (Vaults:3)
  21 vampire mosquitoes
  3 hungry ghosts
  2 deep elf magi
  2 deep elf fighters (D:15)
  Menkaure (D:3)
  15 hippogriffs
  A steam dragon (D:8)
  Edmund (D:4)
  11 wargs
  5 soldier ants
  37 nagas
  75 orc warriors
  17 water moccasins
  3 phantoms
  7 porcupines
  8 black bears (Lair:8)
  A sky beast (D:15)
  16 centaurs
  5 ice beasts
  50 ogres
  5 wasps
  A gnoll sergeant (D:6)
  12 crocodiles
  The ghost of bal the Sneak, an average VSAs (D:3)
  3 brain worms
  8 big kobolds
  19 giant frogs
  A wyvern zombie (D:11)
  A scorpion (D:13)
  A water moccasin skeleton (D:11)
  4 wights
  12 killer bees
  A vampire bat (Lair:3)
  4 electric eels
  8 crimson imps
  A giant frog zombie (D:5)
  5 lava snakes (Snake:3)
  2 giant frog skeletons
  8 hounds
  Crazy Yiuf (D:3)
  A quasit (D:9)
  49 orc priests
  2 jellies
  13 worker ants
  2 hell rats (Lair:7)
  Terence (D:2)
  Natasha (thrice) (D:4)
  12 iguanas
  A boulder beetle simulacrum (Vaults:1)
  37 orc wizards
  10 sheep
  A hound zombie (D:6)
  A hound skeleton (D:4)
  Robin (D:4)
  20 adders
  16 gnolls
  92 river rats
  2 worker ant zombies
  3 shadow imps
  2 adder zombies
  3 adder skeletons
  7 worms
  10 giant geckos
  330 orcs
  3 ball pythons
  23 bats
  A bat skeleton (D:4)
  11 giant cockroaches
  35 goblins
  24 hobgoblins
  6 jackals
  A giant cockroach zombie (D:6)
  A giant gecko skeleton (D:5)
  2 giant gecko zombies (D:5)
  11 giant newts
  A jackal skeleton (D:6)
  56 kobolds
  3 quokkas
  A quokka skeleton (D:4)
  28 rats
  A fungus (Orc:4)
  A plant (Shoals:2)
2102 creatures vanquished.

Vanquished Creatures (others)
  A shadow wraith (Vaults:3)
  An ogre (Vaults:3)
  A worker ant (D:5)
  A shadow imp (D:5)
  An orc (Vaults:1)
  A bush (Shoals:4)
  4 fungi (Lair:8)
  3 plants (Lair:8)
13 creatures vanquished.

Grand Total: 2115 creatures vanquished

Notes
Turn   | Place    | Note
--------------------------------------------------------------
     0 | D:1      | Gorice the Ghoul Wanderer began the quest for the Orb.
     0 | D:1      | Gorice set off with: a box of beasts, a +0 hand crossbow, 24 bolts, a scroll of teleportation {!r}, a +0 robe, a +0 dagger, a meat ration {!e}
     0 | D:1      | Reached XP level 1. HP: 22/22 MP: 0/0
   136 | D:1      | Reached skill level 1 in Unarmed Combat
   321 | D:1      | Reached XP level 2. HP: 27/27 MP: 1/1
   337 | D:1      | Reached skill level 2 in Unarmed Combat
   840 | D:2      | Reached XP level 3. HP: 31/34 MP: 2/2
   847 | D:2      | Reached skill level 3 in Unarmed Combat
   979 | D:2      | Reached skill level 4 in Unarmed Combat
   979 | D:2      | Reached XP level 4. HP: 33/41 MP: 3/3
  1258 | D:2      | Noticed Terence
  1276 | D:2      | Killed Terence
  1276 | D:2      | Reached skill level 5 in Unarmed Combat
  1276 | D:2      | Reached XP level 5. HP: 38/47 MP: 4/4
  1753 | D:3      | HP: 9/47 [iguana (9)]
  1770 | D:3      | HP: 6/47 [iguana (2)]
  1778 | D:3      | Noticed bal's ghost (average VSAs)
  2048 | D:3      | Noticed Crazy Yiuf
  2060 | D:3      | Killed Crazy Yiuf
  2137 | D:3      | Killed bal's ghost
  2137 | D:3      | Reached skill level 6 in Unarmed Combat
  2137 | D:3      | Reached XP level 6. HP: 33/53 MP: 5/5
  2224 | D:3      | HP: 13/53 [river rat (5)]
  2240 | D:3      | HP: 11/53 [worm (4)]
  2299 | D:3      | Found a glowing drain.
  2313 | Sewer    | Entered a sewer
  2566 | Sewer    | Reached skill level 7 in Unarmed Combat
  2576 | Sewer    | Reached XP level 7. HP: 26/60 MP: 6/6
  3012 | D:3      | Reached skill level 8 in Unarmed Combat
  3203 | D:3      | Found a shattered altar of Ashenzari.
  3383 | D:4      | Found a staircase to the Ecumenical Temple.
  3415 | D:4      | Noticed Robin
  3432 | D:3      | HP: 9/59 [ogre/giant spiked club (29)]
  3452 | D:3      | HP: 5/59 [ogre/giant spiked club (6)]
  3457 | D:3      | HP: 2/59 [ogre/giant spiked club (4)]
  3523 | D:3      | HP: 17/60 [ogre/giant spiked club (18)]
  3761 | D:4      | Killed Robin
  3779 | D:4      | Noticed Natasha
  3791 | Temple   | Entered the Ecumenical Temple
  3853 | Temple   | Became a worshipper of Makhleb the Destroyer
  3897 | D:4      | Killed Natasha
  3976 | D:4      | Reached skill level 9 in Unarmed Combat
  3995 | D:4      | Noticed Natasha
  4001 | D:4      | Killed Natasha
  4078 | D:4      | Found Xel Ifoc's General Store.
  4139 | D:3      | Reached XP level 8. HP: 39/66 MP: 7/7
  4166 | D:4      | Noticed Grinder
  4168 | D:4      | Paralysed by Grinder for 5 turns
  4181 | D:4      | Killed Grinder
  4181 | D:4      | Reached skill level 10 in Unarmed Combat
  4203 | D:4      | Acquired Makhleb's first power
  4230 | D:4      | Noticed Natasha
  4239 | D:4      | Killed Natasha
  4256 | D:4      | Noticed Eustachio
  4291 | D:4      | Killed Eustachio
  4308 | D:4      | Noticed Menkaure
  4383 | D:3      | Killed Menkaure
  4383 | D:3      | Reached skill level 11 in Unarmed Combat
  4420 | D:4      | Found a glowing golden altar of the Shining One.
  4465 | D:4      | Found a shadowy altar of Dithmenos.
  4560 | D:4      | Noticed Edmund
  4573 | D:4      | Killed Edmund
  4740 | D:4      | Reached XP level 9. HP: 51/72 MP: 8/8
  4903 | D:5      | Entered Level 5 of the Dungeon
  4908 | D:5      | Reached skill level 12 in Unarmed Combat
  4981 | D:5      | Noticed Pikel
  5005 | D:5      | HP: 21/72 [Pikel/whip of flaming (1)]
  5007 | D:5      | Killed Pikel
  5103 | D:5      | Acquired Makhleb's second power
  5153 | D:5      | Reached skill level 13 in Unarmed Combat
  5195 | D:5      | Found a sacrificial altar of Ru.
  5591 | D:6      | Found an iron altar of Okawaru.
  5849 | D:6      | HP: 15/71 [gnoll sergeant/trident of distortion (17)]
  5873 | D:6      | HP: 17/71 [gnoll sergeant/trident of distortion (6)]
  5878 | D:6      | HP: 12/71 [gnoll sergeant/trident of distortion (2)]
  5898 | D:6      | HP: 9/71 [gnoll sergeant/trident of distortion (5)]
  5910 | D:6      | HP: 9/71 [gnoll/spear (2)]
  6219 | D:6      | Found an ancient bone altar of Kikubaaqudgha.
  6219 | D:6      | Found a deep blue altar of Sif Muna.
  6910 | D:6      | Reached skill level 14 in Unarmed Combat
  6915 | D:6      | Acquired Makhleb's third power
  6925 | D:7      | Upgraded the game from 0.17-a0-1404-gb8113a6 to 0.17-a0-1409-ge6d9485
  7034 | D:6      | Reached XP level 10. HP: 65/80 MP: 9/9
  7080 | D:6      | Reached skill level 5 in Fighting
  7228 | D:7      | Found a shimmering altar of Xom.
  7344 | D:7      | Acquired Makhleb's fourth power
  7544 | D:7      | Found a radiant altar of Vehumet.
  7860 | D:8      | Reached skill level 6 in Fighting
  8045 | D:8      | Got a pitted broad axe
  8116 | D:8      | Found a flagged portal.
  8151 | Bailey   | Entered a bailey
  8185 | Bailey   | Noticed an orc knight
  8211 | Bailey   | HP: 25/84 [kobold/tomahawk of returning (1)]
  8216 | Bailey   | HP: 24/84 [kobold/tomahawk of returning (1)]
  8222 | Bailey   | HP: 23/84 [kobold/tomahawk of returning (2)]
  8228 | Bailey   | Killed an orc knight
  8228 | Bailey   | Acquired Makhleb's fifth power
  8228 | Bailey   | Reached skill level 15 in Unarmed Combat
  8398 | Bailey   | Got an encrusted morningstar
  8476 | D:7      | Identified the +6 broad axe of Ojerokhlu {chop, rPois MR+} (You found it on level 8 of the Dungeon)
  8477 | D:7      | Identified the +1 morningstar "Hellblazer" {crush, rPois Stlth+} (You found it in a bailey)
  8802 | D:9      | Reached skill level 7 in Fighting
  8932 | D:9      | Noticed a white ugly thing
  9118 | D:9      | Found an opulent altar of Gozag.
  9179 | D:9      | Killed a white ugly thing
  9181 | D:9      | Reached XP level 11. HP: 92/92 MP: 10/10
  9377 | D:9      | Found a staircase to the Orcish Mines.
  9450 | D:9      | Found a blossoming altar of Fedhas.
  9450 | D:9      | Found a bloodstained altar of Trog.
  9538 | D:10     | Entered Level 10 of the Dungeon
  9555 | D:10     | Reached skill level 8 in Fighting
  9595 | D:10     | Reached skill level 16 in Unarmed Combat
  9625 | D:10     | Found a portal to a secret trove of treasure.
  9773 | D:10     | Found a staircase to the Lair.
 10089 | Orc:1    | Entered Level 1 of the Orcish Mines
 10094 | Orc:1    | Found Wonoogg's General Store.
 10183 | Orc:1    | Found a roughly hewn altar of Beogh.
 10220 | Orc:1    | Bought an uncursed amulet of regeneration for 510 gold pieces
 10283 | Orc:1    | Noticed Erolcha
 10293 | Orc:1    | Killed Erolcha
 11006 | Orc:2    | Found Zorreosh's Book Boutique.
 11302 | D:4      | Bought the ring of the Vendetta {rC+ MR+ Str+3 SInv} for 577 gold pieces
 11398 | Lair:1   | Entered Level 1 of the Lair of Beasts
 11467 | Lair:1   | Reached skill level 9 in Fighting
 11486 | Lair:1   | Found a labyrinth entrance.
 11496 | Lab      | Entered a labyrinth
 11599 | Lab      | Noticed a minotaur
 11613 | Lab      | Killed a minotaur
 11614 | Lab      | --heh, Mino used a /oClouds, crated mephitic cloud
 11614 | Lab      | --then walked into it and got confused - easiest Lab evar
 11627 | Lab      | Got a pitted copper ring
 11627 | Lab      | Got a brightly glowing platinum ring
 11629 | Lab      | Identified the ring of Gaumiax {rElec Int+2} (You found it in a labyrinth)
 11631 | Lab      | Identified the ring of Wadghad {rF+ rN+ MR+ Str+4 Stlth-} (You found it in a labyrinth)
 11641 | Lair:1   | Identified a +3 rod of clouds (6/10) {!a} (You took it off a minotaur in a labyrinth)
 11986 | Lair:1   | Noticed Nergalle
 11997 | Lair:1   | Killed Nergalle
 11997 | Lair:1   | Reached skill level 17 in Unarmed Combat
 12379 | Lair:2   | Reached skill level 2 in Armour
 12395 | Lair:2   | Reached XP level 12. HP: 97/106 MP: 11/11
 12456 | Lair:2   | Reached skill level 10 in Fighting
 12467 | Lair:2   | Reached skill level 3 in Armour
 12587 | Lair:2   | Reached skill level 4 in Armour
 12748 | Lair:2   | Reached skill level 5 in Armour
 13365 | Lair:3   | Found a shimmering altar of Xom.
 13979 | Lair:3   | Reached skill level 6 in Armour
 14175 | Lair:4   | Reached skill level 11 in Fighting
 14275 | Lair:4   | Noticed Sonja
 14304 | Lair:4   | Killed Sonja
 14304 | Lair:4   | Reached skill level 7 in Armour
 14582 | Lair:4   | Got a shimmering steel ring
 14611 | Lair:4   | Noticed Rupert
 14626 | Lair:4   | Killed Rupert
 14626 | Lair:4   | Reached skill level 8 in Armour
 14626 | Lair:4   | Reached XP level 13. HP: 114/117 MP: 12/12
 14627 | Lair:4   | --loser!
 14649 | Lair:4   | Identified the ring "Qenn" {Fire rElec MP+9} (You found it on level 4 of the Lair of Beasts)
 14721 | Lair:4   | Noticed a five-headed hydra
 14729 | Lair:4   | Killed a five-headed hydra
 15224 | Lair:5   | Reached skill level 9 in Armour
 15263 | Lair:5   | Noticed Maud
 15334 | Lair:5   | Killed Maud
 15334 | Lair:5   | Reached skill level 12 in Fighting
 15860 | Lair:5   | Reached skill level 10 in Armour
 15923 | Lair:5   | Noticed Duffy's ghost (mighty OgFE)
 16911 | Lair:6   | Found a staircase to the Shoals.
 16997 | Lair:6   | Reached skill level 11 in Armour
 17337 | Lair:6   | Found a staircase to the Snake Pit.
 17645 | Lair:6   | Reached skill level 13 in Fighting
 17898 | Lair:7   | Reached XP level 14. HP: 121/128 MP: 13/13
 18688 | Lair:8   | Entered Level 8 of the Lair of Beasts
 18832 | Lair:7   | Reached skill level 12 in Armour
 19664 | Lair:7   | Reached skill level 13 in Armour
 19738 | Lair:7   | Reached skill level 14 in Fighting
 19886 | Lair:8   | Found a staircase to the Slime Pits.
 19888 | Lair:8   | Found a viscous altar of Jiyva.
 20429 | Orc:1    | Bought a scroll of torment for 127 gold pieces
 20972 | Orc:3    | Noticed Nessos
 20990 | Orc:3    | Killed Nessos
 21209 | Orc:4    | Entered Level 4 of the Orcish Mines
 21231 | Orc:4    | HP: 33/132 [orc warrior/glaive (13)]
 21385 | Orc:4    | Noticed Donald
 21441 | Orc:4    | Killed Donald
 21441 | Orc:4    | Reached XP level 15. HP: 79/139 MP: 14/14
 21749 | Orc:4    | Noticed Josephine
 21763 | Orc:4    | Killed Josephine
 21763 | Orc:4    | Reached skill level 14 in Armour
 21988 | Orc:4    | Got a dull robe
 22657 | Orc:4    | Found a staircase to the Elven Halls.
 22994 | Orc:4    | Found a roughly hewn altar of Beogh.
 22994 | Orc:4    | Noticed a stone giant
 23009 | Orc:4    | Killed a stone giant
 23011 | Orc:4    | Found Ugutroasm's Food Emporium.
 23230 | Orc:4    | Found Itebysun's General Store.
 23482 | Orc:4    | Noticed an orc warlord
 23892 | Orc:4    | Killed an orc warlord
 23892 | Orc:4    | Reached skill level 15 in Fighting
 24090 | Orc:4    | Reached skill level 1 in Crossbows
 24292 | Orc:4    | Found Sara's Magic Scroll Shoppe.
 24313 | Orc:4    | Bought a scroll of remove curse for 36 gold pieces
 24313 | Orc:4    | Bought 2 scrolls of identify for 48 gold pieces
 24364 | Orc:4    | Found a roughly hewn altar of Beogh.
 24372 | Orc:4    | Found Wousetul's Magic Scroll Emporium.
 24382 | Orc:4    | Bought a scroll of blinking for 112 gold pieces
 24382 | Orc:4    | Bought a scroll of remove curse for 45 gold pieces
 24422 | Orc:4    | Reached skill level 2 in Crossbows
 24441 | Orc:4    | HP: 31/141 [soul eater[an orc high priest] (12)]
 24444 | Orc:4    | HP: 3/141 [orc high priest/divine providence (16)]
 24706 | Orc:4    | Reached skill level 15 in Armour
 25322 | D:11     | Reached skill level 3 in Crossbows
 25694 | D:11     | Noticed OrbSeeker's ghost (powerful TeAE)
 25707 | D:11     | Killed OrbSeeker's ghost
 25867 | D:12     | Noticed a fire giant
 25891 | D:12     | Killed a fire giant
 25897 | D:12     | Reached skill level 4 in Crossbows
 26147 | D:12     | Got a brightly glowing leather armour
 26255 | D:12     | Noticed Gastronok
 26273 | D:12     | Killed Gastronok
 26273 | D:12     | Reached XP level 16. HP: 149/149 MP: 15/15
 26459 | D:12     | Reached skill level 5 in Crossbows
 26583 | D:12     | Noticed Frances
 26603 | D:12     | Killed Frances
 26863 | D:13     | Reached skill level 1 in Throwing
 27061 | D:13     | Reached skill level 1 in Dodging
 27181 | D:13     | Reached skill level 2 in Dodging
 27249 | D:13     | Reached skill level 3 in Dodging
 27305 | D:13     | Reached skill level 18 in Unarmed Combat
 27442 | D:13     | Found a gate to the Vaults.
 27916 | D:13     | Upgraded the game from 0.17-a0-1409-ge6d9485 to 0.17-a0-1411-g06ff558
 27939 | D:13     | Reached skill level 4 in Dodging
 28235 | D:14     | Reached skill level 5 in Dodging
 28515 | D:14     | Reached skill level 6 in Dodging
 28627 | D:14     | Found Leecomij's Book Emporium.
 28905 | D:15     | Entered Level 15 of the Dungeon
 28969 | D:15     | Noticed Chiseanne's ghost (powerful TrVM)
 29438 | D:15     | Found a staircase to the Depths.
 29546 | D:15     | Reached skill level 7 in Dodging
 29880 | D:15     | Found a blossoming altar of Fedhas.
 29921 | D:15     | Found a roughly hewn altar of Beogh.
 30129 | D:15     | Killed Chiseanne's ghost
 30872 | Snake:1  | Entered Level 1 of the Snake Pit
 31129 | Snake:1  | Reached skill level 8 in Dodging
 31141 | Snake:1  | Reached XP level 17. HP: 131/156 MP: 16/16
 31996 | Snake:2  | You fall through a shaft!
 32104 | Snake:3  | Reached skill level 9 in Dodging
 32454 | Snake:2  | Noticed Aizul
 32486 | Snake:3  | Reached skill level 19 in Unarmed Combat
 32708 | Snake:2  | Killed Aizul
 32786 | Snake:2  | Reached skill level 10 in Dodging
 33273 | Snake:2  | Found Bukanop's Armour Emporium.
 33283 | Snake:2  | Bought a +0 pair of boots for 72 gold pieces
 33893 | Snake:3  | Reached skill level 11 in Dodging
 34283 | Snake:4  | Entered Level 4 of the Snake Pit
 34856 | Snake:4  | Reached XP level 18. HP: 160/160 MP: 17/17
 35805 | Snake:4  | Reached skill level 12 in Dodging
 36302 | Snake:4  | Reached skill level 20 in Unarmed Combat
 36418 | Snake:4  | Reached skill level 13 in Dodging
 36764 | Snake:4  | HP: 46/162 [anaconda (10)]
 36896 | Snake:4  | Got a serpentine rune of Zot
 37405 | Shoals:1 | Entered Level 1 of the Shoals
 37463 | Shoals:1 | Reached skill level 14 in Dodging
 37548 | Shoals:1 | Got a vibrating brass ring
 37549 | Shoals:1 | Identified the ring of Cioxol {rF+ AC+5 Int+3} (You found it on level 1 of the Shoals)
 37693 | Shoals:1 | Found Zayteigo's Distillery.
 37717 | Shoals:1 | Bought a potion of ambrosia for 112 gold pieces
 37717 | Shoals:1 | Bought a potion of heal wounds for 70 gold pieces
 38099 | Shoals:2 | Reached XP level 19. HP: 170/170 MP: 18/18
 38240 | Shoals:2 | HP: 51/170 [merfolk/trident (15)]
 38265 | Shoals:2 | HP: 33/169 [merfolk/trident (19)]
 38267 | Shoals:2 | HP: 12/170 [satyr/arrow (17)]
 38268 | Shoals:2 | Noticed Louise
 38268 | Shoals:2 | HP: 2/170 [faun/sling bullet (10)]
 38273 | Shoals:1 | HP: 27/170 [water nymph (2)]
 38990 | Shoals:2 | HP: 44/170 [octopode crusher's throw (36)]
 38995 | Shoals:2 | HP: 25/170 [octopode crusher (20)]
 39020 | Shoals:2 | Reached skill level 15 in Dodging
 39561 | Vaults:1 | Entered Level 1 of the Vaults
 40149 | Vaults:1 | Paralysed by a great orb of eyes for 5 turns
 40236 | Vaults:1 | Reached skill level 21 in Unarmed Combat
 40865 | Vaults:1 | Reached skill level 6 in Crossbows
 41544 | Vaults:2 | Reached skill level 7 in Crossbows
 41836 | Vaults:2 | Reached skill level 16 in Armour
 41845 | Vaults:2 | Noticed Jorgrun
 41865 | Vaults:2 | Killed Jorgrun
 41880 | Vaults:2 | Reached XP level 20. HP: 169/178 MP: 19/19
 41894 | Vaults:2 | Upgraded the game from 0.17-a0-1411-g06ff558 to 0.17-a0-1421-g95311d7
 41947 | Vaults:2 | Noticed Xtahua
 41967 | Vaults:2 | Killed Xtahua
 42141 | Vaults:2 | Got a warped glass ring
 42143 | Vaults:2 | Identified the ring of Turuid {rPois rC+ rN+ Int+3 Dex+3} (You found it on level 2 of the Vaults)
 42270 | Vaults:2 | Reached skill level 8 in Crossbows
 42330 | Vaults:2 | HP: 48/178 [vault warden/battleaxe (32)]
 43505 | Vaults:2 | Reached skill level 9 in Crossbows
 43789 | Vaults:3 | Found a staircase to the Crypt.
 44250 | Vaults:3 | Reached skill level 17 in Armour
 44435 | Vaults:3 | Reached skill level 10 in Crossbows
 44875 | Vaults:3 | HP: 39/178 [ironheart preserver/great mace (24)]
 44877 | Vaults:3 | HP: 4/178 [ironheart preserver/great mace (21)]
 44883 | Vaults:3 | HP: 23/178 [ironheart preserver/great mace (7)]
 44900 | Vaults:3 | HP: 27/178 [orc warrior/trident[an orc knight] (1)]
 44914 | Vaults:3 | HP: 12/178 [ogre mage/bolt of lightning[an ironheart preserver] (19)]
 45371 | Vaults:3 | Reached XP level 21. HP: 184/184 MP: 20/20
 46125 | Vaults:3 | Found a roughly hewn altar of Beogh.
 46822 | Shoals:3 | Reached skill level 16 in Fighting
 47291 | Shoals:4 | Entered Level 4 of the Shoals
 47744 | Shoals:4 | Noticed Polyphemus
 47751 | Shoals:4 | Killed Polyphemus
 47981 | Shoals:4 | Reached skill level 18 in Armour
 48125 | Shoals:4 | Reached skill level 3 in Stealth
 48263 | Shoals:4 | Reached skill level 2 in Evocations
 48523 | Shoals:4 | Reached skill level 4 in Stealth
 48564 | Shoals:4 | Reached skill level 3 in Evocations
 48597 | Shoals:4 | Got a barnacled rune of Zot
 48640 | Shoals:4 | Noticed Ilsuiw
 48654 | Shoals:4 | HP: 41/189 [merfolk javelineer/steel javelin (25)]
 48658 | Shoals:4 | HP: 13/189 [Ilsuiw/shard of ice (14)]
 48659 | Shoals:4 | Killed Ilsuiw
 48663 | Shoals:4 | HP: 15/189 [merfolk javelineer/steel javelin (29)]
 48664 | Shoals:4 | HP: 1/189 [merfolk javelineer/steel javelin (14)]
 48666 | Shoals:4 | Hit by a javelin thrown by a merfolk javelineer

Vault maps used:
D:1:      dpeg_arrival_three_bigger_balls
D:2:      uniq_terence
D:3:      ashenzari_altar_1, first_bread, portal_sewer_entry_e,
          uniq_crazy_yiuf_cottage
D:4:      lemuel_round_altar, minmay_temple_entry_junction2, serial_shops,
          shop_fountains, hangedman_glass_teeth, nicolae_dithmenos_the_darkroom,
          uniq_robin, uniq_natasha, uniq_grinder, uniq_eustachio, uniq_edmund,
          uniq_menkaure
D:5:      kennysheep_little_box, grunt_ministairs_14,
          kennysheep_opposing_triangles, uniq_pikel
D:6:      gammafunk_temple_overflow_elements, lemuel_crystal_altar
D:7:      xom_butterflies, lemuel_doored_altar, kennysheep_small_circle
D:8:      minmay_thick_lines, enter_bailey_3
D:9:      grunt_gozag_statues, gammafunk_temple_overflow_wave, david_orc_3
D:10:     lair_0_dummy, nicolae_trove_entry_columns
D:12:     hourglass_vault, uniq_gastronok, uniq_frances
D:13:     david_vaults_1
D:14:     infiniplex_staircase_star, serial_shops, shop,
          hangedman_pestilent_swarm
D:15:     grunt_enter_depths_giant_problem, special_room, basic_altar,
          roderic_serpentine_path
Temple:   jpeg_temple_alley_garden_8
Lair:1:   lab_entry_generic, serial_bayou_lake_a, uniq_nergalle
Lair:2:   serial_bayou_shore_b, infiniplex_staircase_pool_2
Lair:3:   basic_altar, roderic_batcave, grunt_megastairs_2
Lair:4:   lemuel_fruit_tree, uniq_rupert, uniq_sonja
Lair:5:   beast_lair_carwin_4, uniq_maud
Lair:6:   minmay_shoals_entry_beasts, minmay_snake_entry_guardpost_medium,
          grunt_megastairs_3
Lair:7:   kennysheep_rathole
Lair:8:   minmay_lair_end_enchanted_forest, slime_altar_1, st_stairs_9,
          nicolae_lair_grove_arrangements
Shoals:1: serial_shops, shop
Shoals:2: cheibrodos_shoals_oceanic_diplomacy, abandoned_shop, uniq_louise
Shoals:4: shoals_end_hangedman, shoal_ilsuiw, yaktaur_hedge, uniq_polyphemus
Snake:1:  serial_bayou_pond_e
Snake:2:  serial_shops, nicolae_shop_waterfront, st_stairs_10,
          grunt_ministairs_15, nicolae_snake_round_shape_thing, uniq_aizul
Snake:3:  nicolae_snake_lava_pool
Snake:4:  snake_pit_salamanders_mu
Orc:1:    serial_shops, nicolae_shop_stone, basic_altar, uniq_erolcha
Orc:2:    serial_shops, nicolae_shop_trees, guppyfry_library_mini
Orc:3:    nicolae_orc_pool_cavern, uniq_nessos
Orc:4:    pubby_orc_utopia, uniq_donald, uniq_josephine
Vaults:1: v_alt_pattern_1, vaults_dpeg_cross, vaults_room_pools,
          vaults_room_stairs_pillars, nicolae_vaults_circle_grid_a,
          vaults_room_stairs_pillars, vaults_room_grunt_arrival_ludios,
          vaults_room_stairs_pillars, hangedman_vaults_trim, v_alt_pattern_6
Vaults:2: nicolae_vaults_meeting, vaults_mumra_minichess,
          hangedman_vaults_pinch, vaults_room_corners, vaults_room_octagon,
          ontoclasm_vaults_twist, vaults_room_pools, hangedman_vaults_slice,
          v_pattern_2, nicolae_vaults_theta, uniq_jorgrun, uniq_xtahua
Vaults:3: vaults_dpeg_ring, minmay_crypt_entry_simple_plaza, vaults_room_grid,
          nicolae_vaults_puzzle_piece, nicolae_vaults_triangles, v_misc_3,
          vaults_room_pool, vaults_room_pools, hangedman_vaults_nails,
          v_alt_pattern_5, special_room_vaults, nicolae_vaults_mini_display_case
Lab:      labyrinth_spiral, nicolae_lab_plus
Sewer:    sewer_frog_island_01
Bailey:   bailey_axe_1, bailey

Action                   |  1- 3 |  4- 6 |  7- 9 | 10-12 | 13-15 | 16-18 | 19-21 || total
-------------------------+-------+-------+-------+-------+-------+-------+-------++-------
Melee: Unarmed           |    52 |   220 |   425 |   823 |  2004 |  1866 |  2063 ||  7453
 Fire: Hand crossbow     |    40 |    16 |    47 |    30 |    21 |    18 |    52 ||   224
       Blowgun           |       |       |       |    22 |    10 |     1 |       ||    33
       Arbalest          |       |       |       |       |       |       |    61 ||    61
Throw: Stone             |     1 |     1 |       |       |       |       |       ||     2
       Tomahawk          |       |       |     2 |     6 |    12 |     1 |       ||    21
       Throwing net      |       |       |       |       |       |       |     2 ||     2
Evoke: Wand              |       |       |       |     1 |     4 |     1 |       ||     6
       Rod               |       |       |       |       |       |       |     2 ||     2
  Use: Scroll            |     3 |     5 |     9 |    18 |    11 |     8 |    10 ||    64
       Potion            |       |     2 |     2 |       |     2 |       |     9 ||    15
 Stab: Invisible         |       |     2 |       |       |       |       |       ||     2
       Paralysed         |       |       |       |     2 |     4 |       |       ||     6
       Distracted        |       |       |       |       |     1 |       |       ||     1
       Fleeing           |       |       |       |       |     1 |       |       ||     1
       Confused          |       |       |       |       |       |     2 |       ||     2
       Held in net/web   |       |       |       |       |       |       |     1 ||     1
  Eat: Chunk             |     1 |    22 |    49 |    61 |   149 |   151 |   104 ||   537

Table legend:
 A = Turns spent in this place as a percentage of turns spent in the entire game.
 B = Non-inter-level travel turns spent in this place as a percentage of non-inter-level travel turns spent in the entire game.
 C = Inter-level travel turns spent in this place as a percentage of turns spent in this place.
 D = Turns resting spent in this place as a percentage of non-inter-level travel turns spent in this place.
 E = Turns spent auto-exploring this place as a percentage of non-inter-level travel turns spent in this place.
 F = Non-inter-level travel turns spent in this place divided by the number of levels of this place that you've seen.
                   A       B       C       D       E      F
               +-------+-------+-------+-------+-------+----------------------
         Total | 100.0 | 100.0 |   0.4 |   0.6 |   2.6 | 649.1
       Dungeon |  27.3 |  27.3 |   0.6 |   0.5 |   4.1 | 496.1
        Temple |   0.4 |   0.4 |   0.0 |   0.0 |   0.0 | 103.0
          Lair |  17.7 |  17.6 |   0.7 |   0.1 |   3.1 | 600.8
        Shoals |  12.6 |  12.7 |   0.2 |   0.4 |   0.5 | 863.2
     Snake Pit |  12.3 |  12.3 |   0.4 |   1.3 |   2.2 | 836.2
  Orcish Mines |  12.6 |  12.6 |   0.4 |   0.5 |   1.9 | 861.5
        Vaults |  14.7 |  14.7 |   0.2 |   1.3 |   2.2 | 1335.7
     Labyrinth |   0.6 |   0.6 |   0.0 |   0.0 |   0.0 | 158.0
         Sewer |   0.8 |   0.8 |   0.0 |   0.0 |   1.9 | 212.0
        Bailey |   1.1 |   1.1 |   0.0 |   0.0 |   0.0 | 293.0
               +-------+-------+-------+-------+-------+----------------------

Vault maps used:
D:1:      dpeg_arrival_three_bigger_balls
D:2:      uniq_terence
D:3:      ashenzari_altar_1, first_bread, portal_sewer_entry_e,
          uniq_crazy_yiuf_cottage
D:4:      lemuel_round_altar, minmay_temple_entry_junction2, serial_shops,
          shop_fountains, hangedman_glass_teeth, nicolae_dithmenos_the_darkroom,
          uniq_robin, uniq_natasha, uniq_grinder, uniq_eustachio, uniq_edmund,
          uniq_menkaure
D:5:      kennysheep_little_box, grunt_ministairs_14,
          kennysheep_opposing_triangles, uniq_pikel
D:6:      gammafunk_temple_overflow_elements, lemuel_crystal_altar
D:7:      xom_butterflies, lemuel_doored_altar, kennysheep_small_circle
D:8:      minmay_thick_lines, enter_bailey_3
D:9:      grunt_gozag_statues, gammafunk_temple_overflow_wave, david_orc_3
D:10:     lair_0_dummy, nicolae_trove_entry_columns
D:12:     hourglass_vault, uniq_gastronok, uniq_frances
D:13:     david_vaults_1
D:14:     infiniplex_staircase_star, serial_shops, shop,
          hangedman_pestilent_swarm
D:15:     grunt_enter_depths_giant_problem, special_room, basic_altar,
          roderic_serpentine_path
Temple:   jpeg_temple_alley_garden_8
Lair:1:   lab_entry_generic, serial_bayou_lake_a, uniq_nergalle
Lair:2:   serial_bayou_shore_b, infiniplex_staircase_pool_2
Lair:3:   basic_altar, roderic_batcave, grunt_megastairs_2
Lair:4:   lemuel_fruit_tree, uniq_rupert, uniq_sonja
Lair:5:   beast_lair_carwin_4, uniq_maud
Lair:6:   minmay_shoals_entry_beasts, minmay_snake_entry_guardpost_medium,
          grunt_megastairs_3
Lair:7:   kennysheep_rathole
Lair:8:   minmay_lair_end_enchanted_forest, slime_altar_1, st_stairs_9,
          nicolae_lair_grove_arrangements
Shoals:1: serial_shops, shop
Shoals:2: cheibrodos_shoals_oceanic_diplomacy, abandoned_shop, uniq_louise
Shoals:4: shoals_end_hangedman, shoal_ilsuiw, yaktaur_hedge, uniq_polyphemus
Snake:1:  serial_bayou_pond_e
Snake:2:  serial_shops, nicolae_shop_waterfront, st_stairs_10,
          grunt_ministairs_15, nicolae_snake_round_shape_thing, uniq_aizul
Snake:3:  nicolae_snake_lava_pool
Snake:4:  snake_pit_salamanders_mu
Orc:1:    serial_shops, nicolae_shop_stone, basic_altar, uniq_erolcha
Orc:2:    serial_shops, nicolae_shop_trees, guppyfry_library_mini
Orc:3:    nicolae_orc_pool_cavern, uniq_nessos
Orc:4:    pubby_orc_utopia, uniq_donald, uniq_josephine
Vaults:1: v_alt_pattern_1, vaults_dpeg_cross, vaults_room_pools,
          vaults_room_stairs_pillars, nicolae_vaults_circle_grid_a,
          vaults_room_stairs_pillars, vaults_room_grunt_arrival_ludios,
          vaults_room_stairs_pillars, hangedman_vaults_trim, v_alt_pattern_6
Vaults:2: nicolae_vaults_meeting, vaults_mumra_minichess,
          hangedman_vaults_pinch, vaults_room_corners, vaults_room_octagon,
          ontoclasm_vaults_twist, vaults_room_pools, hangedman_vaults_slice,
          v_pattern_2, nicolae_vaults_theta, uniq_jorgrun, uniq_xtahua
Vaults:3: vaults_dpeg_ring, minmay_crypt_entry_simple_plaza, vaults_room_grid,
          nicolae_vaults_puzzle_piece, nicolae_vaults_triangles, v_misc_3,
          vaults_room_pool, vaults_room_pools, hangedman_vaults_nails,
          v_alt_pattern_5, special_room_vaults, nicolae_vaults_mini_display_case
Lab:      labyrinth_spiral, nicolae_lab_plus
Sewer:    sewer_frog_island_01
Bailey:   bailey_axe_1, bailey
